Map: Whirlwind LE (Void)

Players

Fropez

  • Race: Protoss Protoss
  • League: Gold
  • Spawn Location: 11:00

BomberCube - Winner!

  • Race: Protoss Protoss
  • League: Gold
  • Spawn Location: 1:00

VOD

Have the link to the VOD?

Description

Time

  • Played on: Nov. 29, 2016, 6:14 p.m.
  • Length: 6:56
Show
View Real Time Build Order
Export as new Build Order

Fropez Protoss 

Build Orders: 1 Gate Expand 

Get SALT Encoding   

  12  0:01  Probe (Chrono Boost)  
  13  0:15  Pylon  
  13  0:22  Probe (Chrono Boost)  
  14  0:33  Probe (Chrono Boost)  
  15  0:37  Gateway  
  15  0:43  Probe (Chrono Boost)  
  15  0:46  Assimilator  
  16  0:54  Probe (Chrono Boost)  
  17  1:04  Probe (Chrono Boost)  
  18  1:15  Probe (Chrono Boost)  
  19  1:26  Nexus  
  19  1:29  Probe (Chrono Boost)  
  20  1:41  Pylon  
  20  1:45  Probe (Chrono Boost), Assimilator  
  21  2:05  Probe (Chrono Boost)  
  22  2:16  Probe (Chrono Boost)  
  22  2:18  Gateway  
  22  2:22  Pylon  
  23  2:27  Probe (Chrono Boost)  
  23  2:28  Assimilator  
  24  2:35  Cybernetics Core  
  24  2:37  Probe (Chrono Boost)  
  24  2:43  Probe (Chrono Boost)  
  26  2:49  Pylon  
  26  2:57  Pylon  
  26  3:11  Mothership Core (Chrono Boost)  
  26  3:12  Stalker  
  29  3:15  Stalker  
  31  3:20  Probe (Chrono Boost)  
  31  3:24  Warp Gate (Chrono Boost)  
  30  3:36  Probe (Chrono Boost)  
  30  3:37  Probe (Chrono Boost)  
  32  3:42  Stalker  
  34  3:53  Stalker  
  34  3:55  Probe x2 (Chrono Boost)  
  38  4:05  Pylon  
  38  4:13  Pylon  
  38  4:40  Probe (Chrono Boost)  
  38  4:43  Assimilator  
  37  4:54  Probe  
  37  4:55  Probe  
  37  4:58  Robotics Facility  
  37  4:59  Robotics Facility  
  43  5:02  Pylon  
  43  5:08  Probe  
  43  5:09  Probe  
  43  5:10  Forge  
  43  5:11  Pylon  
  41  5:27  Adept x2  
  45  5:30  Probe  
  45  5:34  Mothership Core  
  48  5:40  Probe  
  49  5:51  Adept x2, Probe  
  49  5:55  Observer, Probe  
  56  5:57  Nexus  
  56  6:02  Immortal  
  60  6:17  Stalker  
  60  6:18  Stalker  
  37  6:41  Stalker x2  
Show
View Real Time Build Order
Export as new Build Order

BomberCube Protoss - Winner!

Build Orders: 1 Gate Expand 

Get SALT Encoding   

  12  0:01  Probe (Chrono Boost)  
  13  0:12  Probe (Chrono Boost)  
  14  0:19  Pylon  
  14  0:24  Probe (Chrono Boost)  
  15  0:37  Probe (Chrono Boost)  
  15  0:39  Gateway  
  16  0:48  Probe (Chrono Boost)  
  17  0:58  Probe (Chrono Boost)  
  18  1:09  Probe (Chrono Boost)  
  19  1:16  Nexus  
  19  1:20  Probe (Chrono Boost)  
  20  1:29  Cybernetics Core  
  20  1:32  Probe (Chrono Boost)  
  21  1:41  Pylon  
  21  1:44  Probe (Chrono Boost)  
  22  1:47  Assimilator  
  22  1:58  Probe (Chrono Boost)  
  23  2:06  Assimilator  
  23  2:08  Probe (Chrono Boost)  
  24  2:19  Probe (Chrono Boost)  
  25  2:24  Adept (Chrono Boost)  
  27  2:30  Forge, Probe  
  27  2:33  Pylon  
  27  2:34  Probe  
  29  3:02  Stalker (Chrono Boost)  
  31  3:14  Robotics Facility  
  31  3:15  Probe, Gateway  
  31  3:16  Probe  
  33  3:21  Photon Cannon  
  33  3:32  Probe  
  33  3:33  Probe  
  35  3:39  Stalker (Chrono Boost)  
  37  3:42  Probe  
  37  3:43  Protoss Ground Weapons Level 1 (Chrono Boost)  
  37  3:45  Probe  
  39  3:52  Pylon  
  39  3:53  Probe  
  40  3:57  Probe  
  40  4:01  Stargate  
  41  4:04  Adept  
  41  4:08  Adept  
  41  4:09  Probe  
  45  4:10  Probe  
  45  4:15  Photon Cannon  
  47  4:23  Immortal  
  51  4:44  Stalker  
  51  4:45  Adept  
  55  4:47  Probe  
  55  4:48  Probe  
  55  4:52  Assimilator  
  57  4:53  Assimilator  
  57  4:59  Probe  
  58  5:00  Void Ray (Chrono Boost)  
  58  5:01  Gateway  
  62  5:14  Pylon  
  62  5:18  Pylon  
  62  5:32  Observer, Probe  
  62  5:34  Nexus  
  62  5:35  Stalker  
  66  5:36  Adept  
  66  5:38  Probe  
  69  5:44  Probe  
  70  5:50  Stalker  
  70  5:52  Phoenix (Chrono Boost)  
  70  5:53  Probe  
  70  5:56  Probe  
  76  6:03  Adept, Pylon  
  78  6:21  Probe x2  
Tags
 
Add a new tag
Caveats
  • Supply blocks, unpowered buildings, or Contaminate may cause inaccurate times.
  • Supply counts are checked every 10 seconds.